Map: Oxide LE

Players

LiquidClem (Clem) - Winner!

  • Race: Terran Terran
  • League: Grandmaster
  • Spawn Location: 7:00

Reynor

  • Race: Zerg Zerg
  • League: Master
  • Spawn Location: 1:00

Event: DreamHack SC2 Masters 2020 Winter

VOD

Have the link to the VOD?

Description

Time

  • Played on: Nov. 8, 2020, 3:10 p.m.
  • Length: 12:55

All games in this series

Show
View Real Time Build Order
Export as new Build Order

LiquidClem Terran - Winner!

Build Orders: Reaper Expand 

Get SALT Encoding   

  12  0:00  SCV  
  13  0:12  SCV  
  14  0:16  Supply Depot  
  14  0:24  SCV  
  15  0:38  SCV  
  15  0:40  Barracks  
  16  0:42  Refinery  
  16  0:50  SCV  
  17  1:02  SCV  
  18  1:14  SCV  
  19  1:26  Reaper  
  19  1:27  Orbital Command  
  20  1:39  Command Center  
  20  1:46  Supply Depot  
  20  1:52  SCV  
  21  1:58  Marine  
  22  2:09  SCV  
  22  2:11  Factory  
  23  2:20  Barracks Reactor  
  23  2:22  SCV  
  24  2:38  Command Center  
  24  2:39  SCV  
  25  2:54  SCV, Orbital Command  
  25  2:57  Barracks  
  26  3:06  Barracks Tech Lab, SCV  
  26  3:08  Hellion  
  26  3:12  Hellion  
  31  3:18  SCV  
  32  3:20  Refinery  
  32  3:21  SCV  
  33  3:30  SCV  
  33  3:31  Hellion  
  33  3:34  Hellion  
  38  3:37  Marine  
  38  3:38  SCV, Stimpack  
  40  3:43  SCV  
  41  3:50  SCV, Orbital Command  
  41  3:55  SCV  
  43  3:56  Marine  
  44  4:03  SCV  
  44  4:07  Starport, Factory Reactor  
  44  4:09  SCV, Marine  
  47  4:10  Marine  
  47  4:14  Marine  
  47  4:15  SCV x2  
  47  4:16  Supply Depot  
  51  4:21  SCV  
  52  4:27  Marine  
  52  4:28  SCV x2  
  52  4:29  Marine  
  56  4:36  Marine  
  56  4:38  Supply Depot, SCV  
  58  4:42  SCV  
  58  4:45  Marine, Medivac, Hellion x2  
  66  4:46  Supply Depot  
  66  4:48  Armory  
  66  4:49  SCV  
  66  4:50  SCV  
  66  4:52  Marine  
  69  4:59  Marine  
  70  5:01  Supply Depot, Refinery  
  70  5:03  Marine  
  71  5:07  Hellion  
  71  5:08  Orbital Command, Hellion  
  71  5:09  Supply Depot, Barracks  
  71  5:10  Marine  
  71  5:13  SCV x2, Refinery  
  78  5:17  Marine  
  78  5:19  Medivac  
  81  5:22  Combat Shield  
  81  5:29  SCV, Engineering Bay  
  81  5:31  Engineering Bay  
  81  5:35  Widow Mine x2  
  86  5:37  SCV x2  
  86  5:40  Marine  
  86  5:41  Marine  
  90  5:49  Marine  
  87  5:50  SCV, Starport Reactor  
  87  5:51  SCV  
  87  5:54  SCV  
  87  5:55  Supply Depot  
  87  5:56  Barracks  
  90  5:58  Barracks  
  90  6:00  Marine  
  90  6:02  Marine, SCV  
  90  6:03  SCV, Hellion  
  87  6:05  Hellion  
  87  6:09  Barracks Reactor  
  87  6:10  Marine  
  87  6:11  SCV  
  82  6:18  Terran Infantry Armor Level 1, Terran Infantry Weapons Level 1  
  74  6:20  Marine  
  74  6:22  SCV x2, Supply Depot  
  74  6:23  SCV  
  74  6:25  Factory, Marine  
  79  6:26  Refinery  
  79  6:28  Marine  
  79  6:29  Widow Mine x2  
  84  6:34  Medivac  
  84  6:35  Medivac  
  84  6:38  Marine  
  84  6:39  SCV x3  
  92  6:40  Supply Depot  
  92  6:42  Marine  
  92  6:45  Marine x2  
  92  6:46  Marine, Barracks Reactor  
  96  6:47  Barracks Reactor  
  96  6:51  SCV  
  96  6:52  SCV x2  
  99  6:55  Supply Depot  
  99  6:56  Marine  
  99  7:00  Marine  
  100  7:03  SCV, Marine x2  
  100  7:05  Supply Depot  
  106  7:10  Factory Tech Lab  
  106  7:14  Marine  
  106  7:15  Supply Depot  
  102  7:16  Siege Tank, Marine  
  102  7:18  Bunker x2, Marine  
  102  7:21  Supply Depot, Medivac x2  
  109  7:22  Bunker  
  109  7:25  Marine x7  
  109  7:29  Siege Tank  
  119  7:32  Marine  
  119  7:33  Supply Depot  
  119  7:34  Marine  
  119  7:35  SCV x2  
  123  7:38  Supply Depot  
  123  7:39  Marine  
  123  7:42  Marine  
  123  7:43  Marine  
  126  7:47  Marine x3  
  126  7:48  Marine  
  126  7:49  Supply Depot  
  126  7:51  Siege Tank  
  134  7:59  Marine x2  
  134  8:01  Medivac, Marine  
  134  8:04  Siege Tank, Marine x2  
  143  8:09  SCV x3  
  143  8:10  Refinery  
  146  8:13  Terran Infantry Weapons Level 2, Marine  
  146  8:14  Marine  
  146  8:15  Command Center  
  146  8:18  Marine  
  146  8:19  Marine x2  
  149  8:22  Marine  
  149  8:24  Marine  
  146  8:29  Marine x2, Siege Tank  
  146  8:32  SCV x2  
  146  8:33  Supply Depot  
  146  8:34  Marine x3  
  146  8:40  Siege Tank, Marine x4  
  156  8:42  Marine  
  156  8:47  Terran Infantry Armor Level 2  
  157  8:50  Marine  
  150  8:55  Marine x2  
  150  8:56  Marine  
  150  8:57  Marine  
  150  8:59  Marine x2  
  147  9:03  Siege Tank  
  147  9:04  Marine  
  147  9:05  Command Center  
  147  9:06  Marine  
  147  9:07  Marine  
  147  9:09  Marine  
  149  9:12  Siege Tank  
  149  9:13  Medivac, Marine x2  
  149  9:14  Marine  
  149  9:15  Marine  
  149  9:16  Marine  
  149  9:17  Marine  
  154  9:21  Marine  
  154  9:24  Marine  
  141  9:26  Marine  
  141  9:31  Medivac  
  133  9:34  Marine  
  133  9:35  Siege Tank, Marine, Barracks  
  133  9:36  Barracks  
  133  9:38  Marine x3, Barracks  
  135  9:40  Marine x3  
  135  9:42  Marine  
  135  9:44  SCV x2  
  144  9:48  Siege Tank  
  144  9:50  Marine  
  144  9:52  Marine  
  143  9:53  Marine  
  143  9:54  SCV  
  143  9:56  Medivac  
  147  10:02  Sensor Tower  
  147  10:06  Marine x6  
  153  10:08  Medivac  
  153  10:10  Supply Depot  
  153  10:11  Terran Vehicle Weapons Level 1  
  155  10:15  Marine x3  
  155  10:17  Siege Tank  
  155  10:20  SCV  
  162  10:23  SCV  
  162  10:27  Barracks Tech Lab x2  
  162  10:28  Barracks Tech Lab  
  163  10:33  Marine x3  
  163  10:34  Marine x2  
  170  10:37  SCV  
  168  10:46  Marine x3, Marauder  
  168  10:47  Marauder  
  168  10:48  Planetary Fortress  
  168  10:49  Factory Tech Lab  
  175  10:53  Marine  
  175  10:56  Marine x2  
  170  10:59  Marine x3  
  173  11:07  Refinery  
  173  11:12  Command Center  
  173  11:14  Siege Tank  
  173  11:18  Concussive Shells  
  176  11:20  Marauder  
  176  11:21  Marine x2, Marauder x2  
  176  11:23  Siege Tank  
  187  11:27  Marine x4  
  186  11:33  Marine  
  183  11:40  Marine x2  
  183  11:41  Marine x2, Marauder  
  183  11:42  Marine  
  183  11:46  Marine x4  
  194  11:47  Marauder  
  195  11:54  Command Center  
  195  11:58  Marauder  
  196  12:05  Marine  
  196  12:09  Marine  
  196  12:12  Marauder  
  196  12:13  Marine  
  196  12:14  Medivac  
  195  12:16  Medivac  
  195  12:18  Siege Tank, Marauder  
  195  12:19  Siege Tank, Marine x2  
  195  12:21  Marine x2  
  195  12:22  Marine x2  
  192  12:36  Command Center  
  192  12:37  Marine x2  
Show
View Real Time Build Order
Export as new Build Order

Reynor Zerg 

Build Orders: Hatch First 

Get SALT Encoding   

  12  0:00  Drone  
  13  0:12  Overlord  
  13  0:17  Drone  
  14  0:30  Drone x2  
  16  0:47  Hatchery  
  15  0:51  Drone  
  15  0:54  Drone  
  17  0:57  Drone  
  18  1:09  Extractor  
  17  1:13  Spawning Pool  
  17  1:16  Drone  
  17  1:20  Drone  
  18  1:27  Drone  
  19  1:38  Drone  
  20  1:49  Overlord  
  20  2:00  Queen x2, Zergling x2  
  20  2:01  Zergling x2  
  26  2:09  Metabolic Boost  
  26  2:10  Drone  
  26  2:11  Drone  
  28  2:20  Drone  
  28  2:21  Drone  
  30  2:32  Drone, Overlord  
  30  2:38  Queen  
  30  2:42  Drone x2  
  34  2:47  Pneumatized Carapace  
  34  2:52  Drone  
  34  2:53  Drone  
  36  3:04  Hatchery  
  35  3:07  Drone  
  35  3:11  Drone x2  
  38  3:14  Overlord  
  38  3:16  Drone  
  38  3:17  Drone  
  40  3:25  Zergling x2  
  40  3:26  Queen  
  43  3:35  Drone x2  
  43  3:40  Zergling x6  
  43  3:41  Drone  
  49  3:43  Overlord  
  49  3:46  Drone  
  49  3:48  Queen  
  52  3:57  Overlord  
  52  4:01  Drone x2  
  54  4:06  Drone x3  
  57  4:10  Queen  
  57  4:15  Drone, Queen  
  62  4:18  Drone x5  
  67  4:25  Overlord  
  67  4:27  Drone  
  67  4:28  Drone  
  69  4:32  Extractor x2  
  69  4:36  Drone  
  69  4:37  Drone  
  69  4:39  Evolution Chamber, Drone  
  69  4:40  Evolution Chamber  
  69  4:42  Drone  
  69  4:44  Drone, Overlord  
  70  4:48  Drone  
  70  4:50  Drone x4  
  74  4:58  Zergling x2  
  74  4:59  Zergling x2  
  76  5:02  Zergling x4  
  76  5:06  Zerg Missile Weapons Level 1  
  78  5:09  Overlord  
  78  5:10  Drone x3  
  78  5:11  Drone, Zerg Ground Armor Level 1  
  82  5:14  Zergling x2  
  82  5:17  Queen  
  82  5:20  Zergling x4  
  82  5:21  Zergling x4  
  89  5:22  Overlord  
  89  5:23  Drone  
  89  5:25  Overlord  
  90  5:29  Lair  
  90  5:30  Roach Warren  
  90  5:32  Overlord  
  90  5:35  Drone x4  
  93  5:39  Zergling x6  
  96  5:49  Zergling x12  
  96  5:50  Queen  
  97  5:57  Overlord  
  97  6:01  Zergling x10  
  94  6:05  Queen  
  94  6:09  Zergling x2  
  94  6:10  Zergling x4  
  83  6:17  Extractor  
  83  6:18  Drone x3  
  80  6:20  Extractor  
  80  6:22  Drone x3  
  80  6:23  Extractor  
  81  6:32  Overlord, Glial Reconstitution  
  81  6:33  Hatchery  
  81  6:34  Roach x2  
  84  6:42  Queen  
  84  6:44  Roach x3  
  84  6:46  Roach x3, Overlord  
  98  6:48  Roach x2  
  102  6:55  Roach x3  
  108  7:04  Roach x3  
  108  7:06  Overseer  
  112  7:08  Spore Crawler  
  112  7:09  Roach x3  
  112  7:15  Drone x5  
  116  7:16  Roach  
  116  7:22  Roach x3  
  124  7:27  Roach  
  124  7:28  Overlord  
  124  7:29  Roach  
  128  7:35  Roach  
  130  7:37  Overlord  
  130  7:43  Drone  
  130  7:44  Overlord  
  130  7:49  Roach x7  
  144  7:52  Overlord  
  144  7:57  Ravager x7  
  151  8:00  Drone  
  151  8:03  Ravager  
  151  8:04  Roach x2, Ravager  
  151  8:05  Roach  
  160  8:06  Overlord  
  160  8:12  Roach x4  
  168  8:25  Roach  
  168  8:26  Roach x7  
  171  8:29  Roach x2  
  169  8:34  Roach  
  169  8:37  Ravager x2  
  169  8:38  Roach  
  175  8:42  Overlord  
  175  8:47  Overlord  
  175  8:55  Roach x4  
  176  8:58  Roach x2  
  176  8:59  Roach  
  176  9:02  Roach x2  
  184  9:03  Roach x2  
  184  9:09  Roach x4  
  190  9:16  Roach x4  
  180  9:19  Roach x2  
  156  9:27  Roach x4  
  136  9:32  Roach x2  
  136  9:33  Drone x2  
  136  9:35  Drone x2  
  136  9:37  Roach  
  144  9:39  Drone  
  144  9:40  Drone  
  144  9:41  Drone  
  144  9:44  Roach  
  149  9:51  Roach x4  
  149  9:52  Drone  
  154  9:55  Drone x2  
  154  9:56  Drone  
  157  10:01  Zerg Ground Armor Level 2  
  157  10:05  Ravager x3  
  157  10:06  Ravager  
  161  10:09  Zerg Melee Weapons Level 1  
  161  10:10  Drone x3  
  161  10:11  Drone  
  165  10:15  Baneling Nest  
  164  10:25  Drone x4  
  164  10:26  Spore Crawler, Extractor x2  
  163  10:38  Zergling x20  
  173  10:45  Overlord x4  
  173  10:47  Drone  
  173  10:51  Zergling x6  
  173  10:54  Overlord  
  176  10:57  Hatchery  
  176  10:58  Drone  
  176  11:07  Drone  
  176  11:08  Spore Crawler  
  176  11:09  Drone x3  
  176  11:11  Drone x2, Centrifical Hooks  
  181  11:13  Infestation Pit  
  181  11:16  Overseer  
  180  11:22  Drone x10  
  180  11:23  Zergling x8  
  194  11:27  Baneling x10  
  194  11:32  Zergling x4  
  194  11:33  Zergling x6  
  197  11:42  Zergling x8  
  197  11:51  Hatchery  
  193  11:54  Zergling x14  
  198  12:06  Zergling x8  
  198  12:07  Zergling x4  
  198  12:13  Zergling x14  
  192  12:20  Zergling x2  
  192  12:21  Zergling x2  
  155  12:26  Roach  
  155  12:27  Roach x2, Zergling x10  
  155  12:29  Ravager x3  
  160  12:30  Baneling x6  
  160  12:31  Zergling x2  
  160  12:32  Zergling x14  
  160  12:37  Ravager x6  
Tags
 
Add a new tag
Caveats
  • Supply blocks, unpowered buildings, or Contaminate may cause inaccurate times.
  • Supply counts are checked every 10 seconds.